 Dungeon Crawl Stone Soup version 0.16.2-2-g470672f (webtiles) character file.

168 CrazyArbalest the Bolt Thrower (level 5, -7/42 HPs)
             Began as a Centaur Hunter on Aug 21, 2015.
             Was an Initiate of Gozag.
             Mangled by CrazyArbalest's ghost (9 damage)
             ... on level 3 of the Dungeon.
             The game lasted 00:11:00 (2316 turns).

CrazyArbalest the Bolt Thrower (Centaur Hunter)     Turns: 2316, Time: 00:11:02

Health: -7/42      AC:  8    Str: 14    XL:     5   Next: 24%
Magic:  4/4        EV:  8    Int: 15    God:    Gozag
Gold:   69         SH:  0    Dex: 11    Spells: 0 memorised, 4 levels left

rFire  . . .     SeeInvis .     b - +1 hand crossbow
rCold  . . .     Clarity  .     e - +0 ring mail
rNeg   . . .     SustAb   .     (no shield)
rPois  .         Gourm    .     n - +0 helmet
rElec  .         Spirit   .     h - +1 cloak
rCorr  .         Warding  .     (no gloves)
rMut   +         Stasis   .     (no barding)
MR     .....                    r - amulet of resist mutation
Stlth  ..........               (no ring)
                                j - +5 ring of intelligence

@: drained, very quick, not resistant to hostile enchantments, extremely
unstealthy
A: hooves 3, deformed body, speed 2, tough skin 3
a: Potion Petition, Call Merchant, Bribe Branch, Renounce Religion


You were on level 3 of the Dungeon.
You worshipped Gozag.
Gozag was noncommittal.
You were not hungry.

You visited 1 branch of the dungeon, and saw 3 of its levels.

You collected 140 gold pieces.
You paid 71 gold pieces to Gozag.

Inventory:

Hand weapons
 a - a +0 flail
 b - a +1 hand crossbow (weapon)
 k - a +0 hand axe
 l - a +0 whip
 o - a +0 hand axe
Missiles
 c - 52 bolts (quivered)
Armour
 d - a +0 leather armour
 e - a +0 ring mail (worn)
 h - a +1 cloak (worn)
 m - a +0 ring mail
 n - a +0 helmet (worn)
Jewellery
 j - a +5 ring of intelligence (left hand)
 r - an amulet of resist mutation (around neck)
Scrolls
 i - 4 scrolls of teleportation {unknown}
 p - a scroll of immolation {unknown}
 q - a scroll of blinking {unknown}
 s - a scroll of identify {unknown}
Potions
 g - a potion of heal wounds {unknown}
 t - a potion of flight {unknown}
 u - a potion of curing {unknown}
Comestibles
 f - 2 bread rations


   Skills:
 + Level 2.4(2.0) Fighting
   Level 0.8(0.4) Short Blades
 * Level 6.0(5.5) Crossbows
 + Level 1.2(0.8) Armour
 + Level 2.0(1.6) Dodging
 + Level 0.6(0.2) Stealth


You had 4 spell levels left.
You didn't know any spells.

Dungeon Overview and Level Annotations

Branches:
Dungeon (3/15)

Altars:
Elyvilon
Gozag
Ru

Annotations:
D:3 CrazyArbalest's ghost, average CeHu


Innate Abilities, Weirdness & Mutations

You have hooves in place of feet.
Armour fits poorly on your strangely shaped body.
You cover ground very quickly.
You have extremely tough skin (AC +3).


Message History

u - a silvery potion CrazyArbalest's ghost (average Centaur Hunter) comes into view.
CrazyArbalest's ghost turns its malevolent gaze towards you.
CrazyArbalest's ghost hits you!
* * * LOW HITPOINT WARNING * * *
CrazyArbalest's ghost screams, "You will join me soon!"
You feel something passing dangerously close to your head.
CrazyArbalest's ghost struggles to reload its weapon.
A goblin comes into view. It is wielding a dagger.
Firing (i - inventory):
c - 53 bolts (quivered)
Press: ? - help, Shift-Dir - straight line, f - goblin
Aim: a goblin, wielding a dagger You shoot a bolt.
The bolt closely misses the goblin.
CrazyArbalest's ghost hits you!
* * * LOW HITPOINT WARNING * * *
The goblin hits you with a dagger.
* * * LOW HITPOINT WARNING * * *
CrazyArbalest's ghost hits you!
You die...
Your body crumbles into a pile of gold.

## #. .. ##
.# . ######
#(..<# #g####
#@#### #.W..#
$ ###.##
##########.#
#.#
............#
#.# #..# #.#
#..# #.# #..#
#.# #..# #.#


You could see CrazyArbalest's ghost and a goblin.

Vanquished Creatures
  Ijyb (D:2)
  Robin (D:2)
  3 gnolls (D:2)
  4 adders
  2 worms (D:2)
  3 giant geckos
  An ooze (D:1)
  4 orcs
  A ball python (D:3)
  3 bats
  3 giant cockroaches
  8 hobgoblins
  4 giant newts
  10 goblins
  4 kobolds
  2 rats (D:1)
54 creatures vanquished.

Notes
Turn   | Place    | Note
--------------------------------------------------------------
     0 | D:1      | CrazyArbalest, the Centaur Hunter, began the quest for the Orb.
     0 | D:1      | Reached XP level 1. HP: 17/17 MP: 1/1
   501 | D:1      | Reached XP level 2. HP: 21/24 MP: 2/2
   875 | D:2      | Noticed Ijyb
   883 | D:2      | Reached skill level 5 in Crossbows
   915 | D:2      | Killed Ijyb
   915 | D:2      | Reached XP level 3. HP: 14/29 MP: 3/3
  1176 | D:2      | Found a sacrificial altar of Ru.
  1260 | D:2      | Reached XP level 4. HP: 34/37 MP: 3/3
  1351 | D:2      | Reached skill level 1 in Armour
  1436 | D:2      | Noticed Robin
  1444 | D:2      | Killed Robin
  1969 | D:3      | Found an opulent altar of Gozag.
  1970 | D:3      | Found a white marble altar of Elyvilon.
  2019 | D:3      | Became a worshipper of Gozag Ym Sagoz the Greedy
  2036 | D:3      | Reached XP level 5. HP: 42/42 MP: 4/4
  2192 | D:2      | Reached skill level 6 in Crossbows
  2289 | D:3      | Noticed CrazyArbalest's ghost (average CeHu)
  2316 | D:3      | HP: 2/42 [goblin/dagger (1)]
  2316 | D:3      | Mangled by CrazyArbalest's ghost

Action                   |  1- 3 |  4- 6 || total
-------------------------+-------+-------++-------
Melee: Short sword       |   108 |       ||   108
       Flail             |       |    79 ||    79
 Fire: Hand crossbow     |    23 |    24 ||    47
  Eat: Chunk             |     1 |     2 ||     3
